 Dungeon Crawl Stone Soup version 0.24.0-37-gcf1ca852f1 (webtiles) character file.

Game seed: 6882432925748162026, levelgen mode: deterministic

886 Delamore the Cleaver (level 8, -4/64 HPs)
             Began as a Hill Orc Fighter on Nov 29, 2019.
             Slain by a sky beast (6 damage)
             ... on level 5 of the Dungeon.
             The game lasted 00:04:34 (4345 turns).

Delamore the Cleaver (Hill Orc Fighter)             Turns: 4345, Time: 00:04:35

Health: -4/64      AC:  6    Str: 21    XL:     8   Next: 5%
Magic:  8/8        EV:  8    Int:  8    God:
Gold:   215        SH:  9    Dex: 10    Spells: 7/7 levels left

rFire    . . .     SeeInvis .   a - +0 war axe
rCold    . . .     Gourm    .   c - +0 shield
rNeg     . . .     Faith    .   p - +0 ring mail {MR+}
rPois    .         Spirit   .   w - +0 helmet
rElec    .         Reflect  .   (no cloak)
rCorr    .         Harm     .   (no gloves)
MR       +....                  (no boots)
Stlth    ..........             o - amulet of the acrobat
HPRegen  0.20/turn              (no ring)
MPRegen  0.11/turn              (no ring)

@: no status effects
A: no striking features
a: no special abilities


You were on level 5 of the Dungeon.
You were hungry.

You visited 1 branch of the dungeon, and saw 5 of its levels.

You collected 215 gold pieces.

Inventory:

Hand Weapons
 a - a +0 war axe (weapon)
 r - a +0 battleaxe
Armour
 b - a +0 scale mail
 c - a +0 shield (worn)
 p - a +0 ring mail of magic resistance (worn)
 w - a +0 helmet (worn)
Jewellery
 o - an amulet of the acrobat (around neck)
 v - an uncursed ring of protection from fire {unknown}
Wands
 l - a wand of random effects (22)
 s - a wand of paralysis (7)
Scrolls
 e - 3 scrolls of remove curse
 g - 4 scrolls of identify {unknown}
 i - a scroll of amnesia {unknown}
 j - a scroll of immolation {unknown}
 n - a scroll of fog {unknown}
 q - 3 scrolls of magic mapping
 x - a scroll of enchant weapon {unknown}
Potions
 d - a potion of might
 h - a potion of berserk rage {unknown}
 k - 2 potions of curing
 m - a potion of brilliance {unknown}
 u - a potion of flight {unknown}
Comestibles
 f - 12 rations


   Skills:
 - Level 3.6 Fighting
 + Level 11.6 Axes
 - Level 3.2 Armour
 - Level 3.2 Shields


You had 7 spell levels left.
You didn't know any spells.
Your spell library was empty.

Dungeon Overview and Level Annotations

Branches:
Dungeon (5/15)
 Temple: D:4-7

Altars:
Dithmenos
Fedhas
Makhleb
Nemelex Xobeh
Ru
Trog
Vehumet
Zin

Shops:
D:4 (


Message History

* * * LOW HITPOINT WARNING * * *
Something shocks you.
* * * LOW HITPOINT WARNING * * *
You miss something. Something hits you but does no damage.
You miss something.
The orc wizard gestures at you while chanting.
The magic dart hits something.
Something hits you.
* * * LOW HITPOINT WARNING * * *
Something shocks you.
* * * LOW HITPOINT WARNING * * *
You miss something. You miss something.
A sky beast appears from thin air!
Reactivating autopickup.
The sky beast barely misses you.
You hit the sky beast but do no damage.
The sky beast is moderately wounded.
The sky beast hits you.
* * * LOW HITPOINT WARNING * * *
The sky beast shocks you.
You die...

#.# .
#.# #.#
#{# #.#
#.# #.#
###.#
#@#.#
#Y#.#
#o#o#
#.#.#
#.#.#
###.#.#
#.†.#o#
#)###.#
#o# #.#


You could see a sky beast and an orc wizard.

Vanquished Creatures
  A sky beast (D:4)
  3 ogres (D:4)
  A scorpion (D:5)
  A crimson imp (D:5)
  A hound (D:3)
  2 orc priests (D:4)
  A jelly (D:3)
  4 orc wizards
  2 worker ants (D:5)
  2 hound skeletons (D:4)
  4 adders
  An ooze (D:3)
  3 worms
  3 dart slugs
  4 leopard geckos
  8 orcs
  2 ball pythons
  5 giant cockroaches
  7 goblins
  6 hobgoblins
  9 jackals
  2 quokkas
  13 bats
  13 frilled lizards
  7 kobolds
  5 rats
110 creatures vanquished.

Vanquished Creatures (others)
  An orc wizard (D:4)
1 creature vanquished.

Grand Total: 111 creatures vanquished

Notes
Turn   | Place    | Note
-------+----------+-------------------------------------------
     0 | D:1      | Delamore the Hill Orc Fighter began the quest for the Orb.
     0 | D:1      | Reached XP level 1. HP: 19/19 MP: 1/1
    47 | D:1      | Reached skill level 3 in Axes
   140 | D:1      | Reached XP level 2. HP: 26/26 MP: 2/2
   214 | D:1      | Reached skill level 4 in Axes
   466 | D:1      | Reached XP level 3. HP: 30/31 MP: 3/3
   575 | D:1      | Reached skill level 5 in Axes
  1018 | D:2      | Found a sacrificial altar of Ru.
  1034 | D:2      | Reached XP level 4. HP: 36/39 MP: 4/4
  1189 | D:2      | Reached skill level 6 in Axes
  1317 | D:2      | Found a burning altar of Makhleb.
  1322 | D:2      | Found a glowing silver altar of Zin.
  1322 | D:2      | Noticed an angel
  1322 | D:2      | Noticed a cacodemon
  1549 | D:2      | Found a blossoming altar of Fedhas.
  1800 | D:3      | Reached XP level 5. HP: 36/45 MP: 5/5
  1901 | D:3      | Found a radiant altar of Vehumet.
  2111 | D:3      | Found a sparkling altar of Nemelex Xobeh.
  2161 | D:3      | Reached skill level 7 in Axes
  2625 | D:4      | Noticed an ogre
  2633 | D:4      | Killed an ogre
  2633 | D:4      | Reached skill level 8 in Axes
  2633 | D:4      | Reached XP level 6. HP: 17/51 MP: 6/6
  2909 | D:4      | Reached skill level 9 in Axes
  2914 | D:4      | Found a bloodstained altar of Trog.
  3071 | D:4      | Found a shadowy altar of Dithmenos.
  3145 | D:4      | You fall into a shaft and drop 1 floor!
  3145 | D:5      | Entered Level 5 of the Dungeon
  3155 | D:5      | Reached XP level 7. HP: 52/57 MP: 7/7
  3257 | D:4      | Reached skill level 10 in Axes
  3454 | D:4      | Reached skill level 11 in Axes
  3763 | D:4      | Found Feasoraseix's Weapon Emporium.
  4308 | D:5      | Reached XP level 8. HP: 64/64 MP: 8/8
  4345 | D:5      | HP: 2/64 [sky beast (4)]
  4345 | D:5      | Slain by a sky beast

Levels and vault maps discovered:
D:1:      minmay_arrival_glassed_features, layout_loops_ring,
          hangedman_abyss_or_decor_lesser_grid
D:2:      layout_loops_ring, grunt_temple_overflow_order_and_chaos_2,
          overflow_temple_1_default, nicolae_ru_great_annihilating_truth,
          kennysheep_flooded_box
D:3:      layout_loops_corners, nemelex_xobeh_ov_fountains_minmay,
          lemuel_doored_altar, first_ration, minmay_misc_feat_more_columns
D:4:      layout_loops_ring, grunt_dithmenos_smoke, serial_shops, shop,
          bloody_trog
D:5:      layout_basic, chequers_temple_overflow_statue_of_worship, temple_hall

Skill      XL: |  1  2  3  4  5  6  7 |
---------------+----------------------+-----
Axes           | 3 4 5 6 8 9 11 | 11.6
Fighting       | |  3.6
Armour         | |  3.2
Shields        | |  3.2

Action                   |  1- 3 |  4- 6 |  7- 9 || total
-------------------------+-------+-------+-------++-------
Melee: War axe           |    98 |   187 |   123 ||   408
  Use: Scroll            |       |     2 |       ||     2
       Potion            |       |       |     1 ||     1
 Stab: Paralysed         |       |     1 |       ||     1
       Confused          |       |       |     2 ||     2
  Eat: Chunk             |       |     7 |     4 ||    11
Armor: Scale mail        |    43 |    52 |       ||    95
       Ring mail         |       |     7 |    29 ||    36
Dodge: Dodged            |    31 |    85 |    38 ||   154
Block: Shield            |    60 |    99 |    37 ||   196
